cohdb
Replays
Latest Replays
All Replays
Popular Replays
Top Player Replays
Match Explorer
How It Works
Community
CoH3 Stats
Reddit
Sign in to upload your games and track your stats! →
Sign in with Steam
Match 47470973
Unlisted
Match 47470973
Overview
Messages
Build Orders
End
Construct Infanterie Kompanie
Pioneer Squad
Grenadier Squad
MG 42 Machine Gun Team
Grenadier Squad
Selects Terror Battlegroup
Selects Machine Gun Camouflage
Construct Panzergrenadier Kompanie
Selects Interrogate
Panzergrenadier Squad
[PD]Folscher
Apache
CPT. ZUGLUFT
Gray
kamacura
Jerking Hans
0
0
Comments
sign in to comment!
No comments posted yet!